 Dungeon Crawl Stone Soup version 0.17-a0-1176-g3d5a0d0 (webtiles) character file.

46 AnnoyedKobold the Sneak (level 3, -2/16 HPs)
             Began as a Spriggan Enchanter on May 30, 2015.
             Slain by a worm (9 damage)
             ... on level 2 of the Dungeon.
             The game lasted 00:02:09 (1179 turns).

AnnoyedKobold the Sneak (Spriggan Enchanter)        Turns: 1179, Time: 00:02:09

Health: -2/16      AC:  6    Str:  4    XL:     3   Next: 46%
Magic:  8/8        EV: 18    Int: 16    God:
Gold:   45         SH:  0    Dex: 17    Spells: 1 memorised, 6 levels left

rFire  . . .     SeeInvis +     e - +0 short sword
rCold  . . .     Clarity  .     b - +1 robe
rNeg   . . .     SustAt   .     (shield restricted)
rPois  .         Gourm    .     (helmet restricted)
rElec  .         Spirit   .     l - +2 cloak
rCorr  .         Warding  .     (gloves unavailable)
rMut   .         Stasis   .     (boots unavailable)
MR     .....                    (no amulet)
Stlth  ++++......               (no ring)
                                (no ring)

@: very quick, not resistant to hostile enchantments, stealthy
A: unfitting armour, see invisible, herbivore 3, speed 3, slow metabolism 2
a: no special abilities


You were on level 2 of the Dungeon.
You were not hungry.

You visited 1 branch of the dungeon, and saw 2 of its levels.

You collected 45 gold pieces.

Inventory:

Hand weapons
 a - a +1 dagger
 e - a +0 short sword (weapon)
Armour
 b - a +1 robe (worn)
 l - a +2 cloak (worn)
Jewellery
 f - a +4 ring of intelligence {unknown}
Scrolls
 g - a scroll of identify {unknown}
 h - 2 scrolls of blinking {unknown}
 i - 4 scrolls of remove curse {unknown}
 m - a scroll of fear {unknown}
 n - a scroll of immolation {unknown}
Potions
 j - a potion of ambrosia {unknown}
 k - 3 potions of curing {unknown}
Books
 c - a book of Maledictions

   Spells                             Type                      Level
   a - Corona                         Hexes                        1
   b - Ensorcelled Hibernation        Hexes/Ice                    2
   c - Confuse                        Hexes                        3
   d - Tukima's Dance                 Hexes                        3
   e - Dazzling Spray                 Conjuration/Hexes            3
Comestibles
 d - a bread ration


   Skills:
 + Level 2.4 Short Blades
 - Level 3.0 Dodging
 + Level 5.8 Stealth
 - Level 2.6 Spellcasting
 - Level 3.9 Hexes


You had 6 spell levels left.
You knew the following spells:

 Your Spells              Type           Power        Failure   Level  Hunger
a - Corona                Hex            ##.....      4%          1    #......


Dungeon Overview and Level Annotations

Branches:
Dungeon (2/15)

Altars:
Nemelex Xobeh


Innate Abilities, Weirdness & Mutations

You are tiny and cannot use many weapons and most armour.
You have supernaturally acute eyesight.
You are a herbivore.
You cover ground extremely quickly.
You need consume almost no food.


Message History

You hit the worm but do no damage.
The worm is severely wounded.
You hit the worm but do no damage.
The worm is severely wounded.
The worm bites you but does no damage.
You barely miss the worm.
The worm is heavily wounded.
You barely miss the worm.
The worm is heavily wounded.
The worm bites you.
You hit the worm.
The worm is heavily wounded.
The worm bites you.
You hit the worm.
The worm is severely wounded.
You barely miss the worm.
The worm is severely wounded.
The worm bites you!
Ouch! That really hurt!
You die...

# ##. ..w# #...# .....# ###
### # ......###.. ...#
..>......####### #.#
#.........†w@..########.#)###
#####.#.######......†..###..#
# #.# ##########.#.#.# #.#
##.#).. #.# #.#... #.# ..#...
#.. ##..... ### ######


You could see a worm.

Vanquished Creatures
  An adder (D:2)
  An ooze (D:1)
  2 giant geckos (D:1)
  5 giant cockroaches
  4 hobgoblins
  2 jackals (D:2)
  3 kobolds (D:1)
  2 bats (D:1)
  2 giant newts
  9 rats
31 creatures vanquished.

Vanquished Creatures (others)
  4 toadstools (D:1)
4 creatures vanquished.

Grand Total: 35 creatures vanquished

Notes
Turn   | Place    | Note
--------------------------------------------------------------
     0 | D:1      | AnnoyedKobold the Spriggan Enchanter began the quest for the Orb.
     0 | D:1      | Reached XP level 1. HP: 9/9 MP: 5/5
   314 | D:1      | Reached skill level 5 in Stealth
   314 | D:1      | Reached XP level 2. HP: 11/13 MP: 6/6
   953 | D:2      | Reached XP level 3. HP: 16/16 MP: 8/8
   982 | D:2      | Found a sparkling altar of Nemelex Xobeh.
  1179 | D:2      | Slain by a worm

Vault maps used:
D:1:      ldierk_walled_garden_2
D:2:      nemelex_lonely_heart_becter

Action                   || total
-------------------------++-------
Melee: Short sword       ||   105
       Dagger            ||     5
 Stab: Sleeping          ||    11
